 Dungeon Crawl Stone Soup version 0.31-a0-940-gdaa99269f9 (webtiles) character file.

Game seed: 7395887523383237309

4 Azuregosa the Sneak (level 1, -4/16 HPs)
             Began as an Octopode Delver on Oct 20, 2023.
             Slain by an orc
             ... wielding a +0 flail
              (6 damage)
             ... on level 5 of the Dungeon.
             The game lasted 00:01:08 (84 turns).

Azuregosa the Sneak (Octopode Delver)                 Turns: 84, Time: 00:01:09

Health: -4/16      AC:  1    Str: 11    XL:     1   Next: 60%
Magic:  1/1        EV: 13    Int: 12    God:
Gold:   8          SH:  0    Dex: 13    Spells: 0/0 levels left

rFire   . .          .
                       - Unarmed
rCold   . . .        (no shield)
rNeg    . . .        (helmet restricted)
rPois   .            (no amulet)
rElec   .            (no ring)
rCorr   .            (no ring)
SInv    .            (no ring)
Will    .....        (no ring)
Stlth   ++++         (no ring)
HPRegen 0.22/turn    (no ring)
MPRegen 0.07/turn    (no ring)
                     (no ring)

%: no passive effects
@: no status effects
A: almost no armour, amphibious, 8 rings, camouflage 1, gelatinous body 1,
(nimble swimmer 1), tentacles
a: no special abilities


You were on level 5 of the Dungeon.
You visited 1 branch of the dungeon, and saw 1 of its levels.

You collected 8 gold pieces.

Inventory:

Wands
 e - a wand of digging (3)
Scrolls
 a - a scroll of fog
 c - a scroll of fear
 f - 2 scrolls of revelation
 g - a scroll of enchant weapon {unknown}
Potions
 d - a potion of haste


   Skills:
 - Level 3.0 Fighting
 - Level 2.0 Dodging
 + Level 6.9 Stealth
 - Level 2.0 Unarmed Combat


You couldn't memorise any spells.
You didn't know any spells.
Your spell library was empty.

Dungeon Overview and Level Annotations

Branches:
Dungeon (5/15)
 Temple: D:4-7

Altars:

Annotations:
D:5 Sigmund


Innate Abilities, Weirdness & Mutations

You cannot wear most types of armour.
You are amphibious.
You can wear up to eight rings at the same time.
Your skin changes colour to match your surroundings (Stealth+).
Your rubbery body absorbs attacks. (AC +1, EV +1)
((You are camouflaged when in or above water. (Stealth+)))
You have tentacles for arms and can constrict up to eight enemies at once.


Message History

You are confused.
You barely miss the orc wizard.
The orc wizard is almost dead.
You constrict the orc wizard, but do no damage.
The orc closely misses you.
The orc wizard hits you with a +0 dagger.
You release your grip on the orc wizard.
The orc wizard closely misses you.
The orc wizard hits you with a +0 dagger.
You tentacle-slap the orc wizard but do no damage.
Your tentacle-slap misses the orc wizard.
The orc wizard is almost dead.
The orc wizard casts a spell at you.
You are more confused.
The orc barely misses you.
You are too confused!
You bump into the rock wall.
The orc hits you with a +0 flail!
* * * LOW HITPOINT WARNING * * *
The orc wizard hits you with a +0 dagger.
* * * LOW HITPOINT WARNING * * *
The orc closely misses you.
You barely miss the orc wizard. Your squeeze misses the orc wizard.
The orc wizard is almost dead.
The orc closely misses you.
The orc wizard gestures wildly while chanting.
The orc wizard flickers and vanishes!
Deactivating autopickup; reactivate with Ctrl-A.
The orc misses you.
You bump into the rock wall.
The orc barely misses you. Something hits you.
* * * LOW HITPOINT WARNING * * *
The orc closely misses you.
It was a potion of curing.
You feel better. The orc barely misses you.
You hear some strange, mumbled words.
A magic dart appears from out of thin air!
The magic dart hits you!
Ouch! That really hurt!
* * * LOW HITPOINT WARNING * * *
The orc closely misses you.
You closely miss something. The orc hits you with a +0 flail.
You die...

,,,,*
**,,,#..........#,,,*,,*
,,,,*
*,,,,#..........#,,,*,,*
,,,,*
*,,,,#..........#,,,*,,*
,,,,*
*,,,,#..........#+##*,,*
,,,,*
*,,,,#....#####....#**+***
,,,,*
######....)...#....#,,,,,,
,,,,*
#.........#...#....#,,,,,,
,,,,*
#.......oo#...#....#,,,,,,
,,,,*
#.......{@###.#....#+###+*
,,,,*
#.)...#####**####......#,,
,,,,*
#.....*,,,,,,,,,#......#,,
,,,,*
#.....*,,,,,,,,,#......#,,
,,,,*
#.....*,,,,,,,,,#......#,,
,,,,*
#....o*,,,,,,,,,#......#,,
,,,,*
#.....*,,,,,,,,,#......+,,
,,,,*
*,,,,,**+*******#......###
,,,,*
*,,,,,,,,,*****,####.....#


You could see 2 orcs.

Vanquished Creatures
  2 orcs (D:5)
2 creatures vanquished.

Notes
Turn   | Place    | Note
-------+----------+-------------------------------------------
     0 | D:5      | Azuregosa the Octopode Delver began the quest for the Orb.
     0 | D:5      | Reached XP level 1. HP: 16/16 MP: 1/1
     0 | D:5      | Noticed Sigmund
    59 | D:5      | Noticed an orc wizard
    84 | D:5      | Slain by an orc

Illustrated notes

Levels and vault maps discovered:
D:5:      layout_gridville, uniq_sigmund, uniq_prince_ribbit1, uniq_ijyb

Action                     || total
---------------------------++-------
  Melee: Unarmed           ||     9
         Tentacles         ||     2
         Constrict         ||     1
    Use: Scroll            ||     1
         Potion            ||     1
 Armour: Skin              ||     7
  Dodge: Dodged            ||    15

Table legend: (Time is in decaauts)
 A = Elapsed time spent in this place.
 B = Non-inter-level travel time spent in this place.
 C = Inter-level travel time spent in this place.
 D = Time resting spent in this place.
 E = Time spent auto-exploring this place.
 F = Levels seen in this place.
 G = Mean time per level.
                   A        B        C        D        E       F      G
               +--------+--------+--------+--------+--------+-----+--------+
         Total |     83 |     83 |      0 |      0 |      0 |   1 |   83.0 |
       Dungeon |     83 |     83 |      0 |      0 |      0 |   1 |   83.0 |
               +--------+--------+--------+--------+--------+-----+--------+

Top non-repeatable levels by time:
     D:5: 83 daAuts
